Map: 16-Bit LE

Players

Lambo

  • Race: Zerg Zerg
  • League: Master
  • Spawn Location: 7:00

Clem - Winner!

  • Race: Terran Terran
  • League: Grandmaster
  • Spawn Location: 1:00

Event: HomeStory Cup XVII

VOD

Have the link to the VOD?

Description

Time

  • Played on: June 28, 2018, 7:20 a.m.
  • Length: 3:30

All games in this series

Show
View Real Time Build Order
Export as new Build Order

Lambo Zerg 

Build Orders: Hatch First 

Get SALT Encoding   

  12  0:00  Drone  
  13  0:14  Overlord  
  13  0:18  Drone  
  14  0:32  Drone x2  
  16  0:50  Hatchery  
  16  0:53  Drone  
  16  0:57  Drone  
  17  1:00  Drone  
  18  1:10  Extractor  
  17  1:15  Spawning Pool  
  16  1:18  Drone  
  16  1:22  Drone  
  18  1:29  Drone  
  19  1:51  Drone  
  20  2:02  Queen  
  20  2:03  Roach Warren  
  21  2:11  Drone  
  21  2:14  Extractor  
  24  2:24  Drone  
  24  2:42  Roach x2  
  28  2:44  Overlord  
  28  2:47  Roach  
  28  2:57  Hatchery  
  28  2:58  Overlord  
  27  3:08  Roach  
Show
View Real Time Build Order
Export as new Build Order

Clem Terran - Winner!

Build Orders:  

Get SALT Encoding   

  12  0:00  SCV  
  13  0:12  SCV  
  14  0:19  Supply Depot  
  14  0:25  SCV  
  15  0:42  Barracks  
  15  0:53  Barracks  
  15  1:09  Barracks  
  15  1:22  Barracks  
  15  1:29  Marine  
  16  1:40  Marine  
  17  1:47  Marine  
  18  1:56  Bunker  
  18  1:57  Supply Depot  
  18  2:00  Marine  
  19  2:05  Marine  
  20  2:11  Marine  
  21  2:16  Marine  
  21  2:21  Marine  
  23  2:29  Marine  
  24  2:31  Marine  
  24  2:36  Marine  
  26  2:41  Marine  
  27  2:47  Marine  
  28  2:52  Marine  
  29  3:02  Marine x2  
Tags
 
Add a new tag
Caveats
  • Supply blocks, unpowered buildings, or Contaminate may cause inaccurate times.
  • Supply counts are checked every 10 seconds.